 Dungeon Crawl Stone Soup version 0.19.1-1-g22dce08 (webtiles) character file.

97 dngmouse the Chopper (level 4, -2/40 HPs)
             Began as a Minotaur Berserker on Jan 18, 2017.
             Was a Believer of Trog.
             Killed by divine providence
             ... invoked by an orc priest
              (13 damage)
             ... on level 3 of the Dungeon.
             The game lasted 00:03:27 (1730 turns).

dngmouse the Chopper (Minotaur Berserker)           Turns: 1730, Time: 00:03:28

Health: -2/40      AC:  8    Str: 23    XL:     4   Next: 42%
Magic:  3/3        EV: 11    Int:  4    God:    Trog [**....]
Gold:   155        SH:  0    Dex:  9    Spells: 0 memorised, 3 levels left

rFire  . . .     SeeInvis .     a - +0 hand axe
rCold  . . .     Gourm    .     n - +1 ring mail
rNeg   . . .     Faith    .     (no shield)
rPois  .         Spirit   .     (helmet restricted)
rElec  .         Reflect  .     (no cloak)
rCorr  .         Harm     .     (no gloves)
MR     ++...                    (no boots)
Stlth  ..........               (no amulet)
                                o - +5 ring of protection
                                l - -3 ring of protection (curse)

@: regenerating
A: retaliatory headbutt, horns 2
a: Berserk, Trog's Hand, Burn Spellbooks, Renounce Religion


You were on level 3 of the Dungeon.
You worshipped Trog.
Trog was pleased with you.
You were hungry.

You visited 1 branch of the dungeon, and saw 3 of its levels.

You collected 155 gold pieces.

Inventory:

Hand Weapons
 a - a +0 hand axe (weapon)
Armour
 n - a +1 ring mail (worn)
Jewellery
 l - a cursed -3 ring of protection (left hand)
 o - a +5 ring of protection (right hand)
Scrolls
 h - 2 scrolls of identify
Potions
 b - a potion of curing {unknown}
 e - a potion of cure mutation {unknown}
 j - a potion of heal wounds
Comestibles
 c - a bread ration
 d - a beef jerky
 g - 2 meat rations


   Skills:
 - Level 4.2 Fighting
 * Level 5.9 Axes
 - Level 2.4 Armour
 - Level 2.1 Dodging


You had 3 spell levels left.
You didn't know any spells.

Dungeon Overview and Level Annotations

Branches:
Dungeon (3/15)

Altars:
Makhleb
Vehumet
Yredelemnul


Innate Abilities, Weirdness & Mutations

You reflexively headbutt those who attack you in melee.
You have a pair of horns on your head.


Message History

The orc shouts! x2
You headbutt the orc, but do no damage.
The orc is heavily wounded.
The orc priest invokes the aid of Beogh against you.
Beogh smites you! The orc closely misses you.
The orc moves out of view.
You barely miss the orc. You headbutt the orc.
You kill the orc!
Trog accepts your kill.
The orc priest mumbles some strange prayers to Beogh against you.
Beogh smites you!
* * * LOW HITPOINT WARNING * * *
The orc closely misses you. You furiously retaliate!
You headbutt the orc.
You kill the orc!
Trog accepts your kill.
Your skin crawls.
You feel resistant to hostile enchantments.
You feel somewhat more hungry.
The orc priest invokes the aid of Beogh against you.
Beogh smites you!
You die...

****,,,,* **,,,,,,,,* *,,,,,
,,,**,*** #...,,,,,* ******
,,,**,** #..,,,,,,* * ,,,**,,*
#o.,,,,,,* * ,,,***,*****
#or,,,,,,* * ,,,* *,,,,,*
#o#+#***** * ,*,* *,,,,,* #.#.# *
,*,* *,,,,,* #)#.# ##### ,*,*
*,,,..#####@#.# #.... ,*,*
*,,,..........# #....
,*,***,,,..........# #....
,,,,,,**,.#........##############
**,**,***,#..........)...........
*,**,* *..............###.......
**,**,* *#.#######.....# #.......
,,,**,* #.* #.....# #.......
,,,**,* *,* #.##### ########


You could see 2 orc priests, an orc wizard and a quokka.

Vanquished Creatures
  A crimson imp (D:3)
  An adder (D:2)
  A worm (D:1)
  A dart slug (D:1)
  3 orcs (D:3)
  2 ball pythons (D:2)
  4 giant cockroaches
  7 goblins
  5 hobgoblins
  7 jackals (D:1)
  2 bats (D:1)
  2 frilled lizards
  5 kobolds
  4 rats
45 creatures vanquished.

Notes
Turn   | Place    | Note
-------+----------+-------------------------------------------
     0 | D:1      | dngmouse the Minotaur Berserker began the quest for the Orb.
     0 | D:1      | Reached XP level 1. HP: 19/19 MP: 0/0
   109 | D:1      | Reached skill level 4 in Axes
   167 | D:1      | Reached XP level 2. HP: 16/27 MP: 1/1
   737 | D:1      | Reached XP level 3. HP: 32/33 MP: 2/2
  1021 | D:2      | Found a basalt altar of Yredelemnul.
  1046 | D:2      | Reached skill level 5 in Axes
  1159 | D:2      | Reached ** piety under Trog
  1582 | D:3      | Found a burning altar of Makhleb.
  1583 | D:3      | Found a radiant altar of Vehumet.
  1591 | D:3      | Reached XP level 4. HP: 25/40 MP: 3/3
  1730 | D:3      | Killed from afar by an orc priest

Skill      XL: |  1  2  3 |
---------------+----------+-----
Axes           | 4 5 |  5.9
Fighting       | 4 |  4.2
Armour         | |  2.4
Dodging        | |  2.1

Action                   |  1- 3 |  4- 6 || total
-------------------------+-------+-------++-------
Melee: Hand axe          |    85 |     8 ||    93
       Headbutt          |    16 |     2 ||    18
Invok: Trog's Hand       |       |     1 ||     1
  Use: Scroll            |     7 |       ||     7
 Stab: Sleeping          |     1 |       ||     1
  Eat: Chunk             |     2 |       ||     2
Armor: Animal skin       |    13 |       ||    13
       Ring mail         |     3 |     2 ||     5
Dodge: Dodged            |    48 |     5 ||    53
